 Dungeon Crawl Stone Soup version 0.28-b1-25-g9875b3fc8c (webtiles) character file.

Game seed: 3783635663886860002

149 inmateoo the Ruffian (level 5, -2/39 HPs)
             Began as a Palentonga Transmuter on Feb 7, 2022.
             Slain by an orc (5 damage)
             ... on level 1 of the Dungeon.
             The game lasted 00:02:29 (1933 turns).

inmateoo the Ruffian (Palentonga Transmuter)        Turns: 1933, Time: 00:02:30

Health: -2/39      AC:  4    Str: 13    XL:     5   Next: 9%
Magic:  6/8        EV:  9    Int: 15    God:
Gold:   49         SH:  0    Dex: 11    Spells: 2/8 levels left

rFire   . . .      SeeInvis +     - Unarmed
rCold   . . .      Faith    .   (no shield)
rNeg    . . .      Spirit   .   a - +0 robe
rPois   .          Reflect  .   (helmet unavailable)
rElec   .          Harm     .   (no cloak)
rCorr   .          Rampage  .   (no gloves)
Will    .....      Clarity  +   (no barding)
Stlth   +.........              (no amulet)
HPRegen 0.13/turn               (no ring)
MPRegen 0.11/turn               (no ring)

@: lethally poisoned (-2 -> -5), appendages, wereblooded
A: horns 3, talons 2, large, rugged brown scales 3, see invisible, deformed
body, roll 1, armoured tail, clarity, wild magic 2
a: Rolling Charge, End Transformation


You were on level 1 of the Dungeon.
You had temporarily grown beastly horns and talons.
You visited 1 branch of the dungeon, and saw 2 of its levels.

You collected 49 gold pieces.

Inventory:

Armour
 a - a +0 robe (worn)
Jewellery
 c - an amulet of the acrobat
Scrolls
 b - a scroll of amnesia
 f - a scroll of teleportation
 k - a scroll of enchant armour {unknown}
 l - a scroll of noise {unknown}
Potions
 d - a potion of brilliance
 e - a potion of haste {unknown}
 g - a potion of invisibility {unknown}
 h - a potion of curing {unknown}
 i - a potion of degeneration {unknown}
 j - a potion of heal wounds {unknown}


   Skills:
 + Level 1.4 Fighting
 - Level 1.5 Dodging
 * Level 5.4 Unarmed Combat
 + Level 2.1 Spellcasting
 + Level 2.2 Transmutations
 + Level 0.5 Poison Magic


You had 2 spell levels left.
You knew the following spells:

 Your Spells              Type           Power      Damage    Failure   Level
a - Beastly Appendage     Tmut           26%        N/A       19%         1
b - Wereblood             Tmut           13%        N/A       26%         2
c - Spider Form           Tmut/Pois      9%         N/A       54%         3

Your spell library contained the following spells:

 Spells                   Type           Power      Damage    Failure   Level
 Ignite Poison            Fire/Tmut/Pois 6%         N/A       58%         3
 Conjure Flame            Conj/Fire      2%         6-21      71%         3
 Ice Form                 Ice/Tmut       7%         N/A       90%         4
 Sticky Flame             Conj/Fire      2%         2d3       97%         4


Dungeon Overview and Level Annotations

Branches:
Dungeon (2/15)

Altars:

Annotations:
D:2 Robin


Innate Abilities, Weirdness & Mutations

You have temporarily grown beastly horns and talons.
You are completely covered in rugged brown scales. (AC +3, +7% HP)
You have supernaturally acute eyesight. (SInv)
Armour fits poorly on your strangely shaped body.
You can roll at nearby foes to attack.
You have a long armoured tail.
You possess an exceptional clarity of mind.
Your spells are harder to cast, but more powerful.


Message History

There is a stone staircase leading down here.
Casting: Beastly Appendage (safe; 9% risk of failure)
Confirm with . or Enter, or press ? or * to list all spells.
You grow a pair of large bovine horns.
Your feet morph into talons.
Casting: Beastly Appendage (safe; 9% risk of failure)
Confirm with . or Enter, or press ? or * to list all spells.
Your blood is infused with primal strength.
You climb downwards.
Level annotation: Robin The orc hits you with a +0 hand axe.
The goblin hits you with a +2 dagger of venom.
You are poisoned.
The orc hits you but does no damage.
There is a stone staircase leading up here.
You hit the goblin. You claw the goblin.
You feel a bit better.
You kill the goblin!
You feel very sick.
The goblin unwields a +0 club.
The goblin wields a +0 hunting sling.
The goblin shoots a stone.
The stone hits you. The orc hits you with a +0 hand axe.
You hit the orc. Your kick misses the orc.
The orc is heavily wounded.
You howl as the wereblood boils in your veins!
You feel very sick. The orc hits you with a +0 hand axe.
You are too injured to fight recklessly!
You feel sick. The orc hits you with a +0 hand axe!
* * * LOW HITPOINT WARNING * * *
Robin throws the goblin at you!
* * * LOW HITPOINT WARNING * * *
You climb upwards.
* * * LOW HITPOINT WARNING * * *
You feel sick.
There is a stone staircase leading down here.
It was a potion of mutation.
You feel extremely strange.
You feel less in control of your magic. x2
The horns on your head grow some more.
Your thoughts seem clearer.
* * * LOW HITPOINT WARNING * * *
You feel sick. The orc hits you with a +0 hand axe.
You die...

....#.#######......##......# #.
.####.....# ##.....#####...## ##
..##..###.# #.....# #....## #
..##.## #.## #.....# #.....####
......# #..###.....# ###.....##
......# ##...#.....## #..##...
......# ###........# #..####.
......#######...)o..######.......
................@.)..............
.......############...####.......
#...........########........#####
......#####........##.....#..#...
......# ###..............#.#...
..#.### #.....................
#...# #................##...
....# #.....................
....## ###................##...


You could see an orc.

Vanquished Creatures
  Natasha (thrice) (D:2)
  3 adders (D:2)
  A worm (D:2)
  2 orcs (D:2)
  3 bats (D:1)
  4 endoplasms
  5 giant cockroaches
  3 goblins
  3 hobgoblins (D:1)
  A quokka (D:2)
  7 ball pythons
  A frilled lizard (D:2)
  3 kobolds
  4 rats
43 creatures vanquished.

Notes
Turn   | Place    | Note
-------+----------+-------------------------------------------
     0 | D:1      | inmateoo the Palentonga Transmuter began the quest for the
                  | Orb.
     0 | D:1      | Reached XP level 1. HP: 16/16 MP: 3/3
   161 | D:1      | Reached XP level 2. HP: 20/22 MP: 5/5
   432 | D:1      | Reached skill level 4 in Unarmed Combat
   521 | D:1      | Learned a level 2 spell: Wereblood
   718 | D:2      | Reached XP level 3. HP: 27/27 MP: 6/6
  1026 | D:2      | Noticed Natasha
  1168 | D:2      | Killed Natasha
  1169 | D:2      | Reached skill level 5 in Unarmed Combat
  1169 | D:2      | Reached XP level 4. HP: 21/34 MP: 5/7
  1289 | D:2      | Learned a level 3 spell: Spider Form
  1532 | D:2      | Noticed Natasha
  1543 | D:2      | Killed Natasha
  1772 | D:2      | Noticed Natasha
  1781 | D:2      | Killed Natasha
  1782 | D:2      | Reached XP level 5. HP: 23/39 MP: 6/8
  1795 | D:2      | Noticed Robin
  1933 | D:1      | Gained mutation: Your spells are a little harder to cast,
                  | but a little more powerful. [potion of mutation]
  1933 | D:1      | Gained mutation: Your spells are harder to cast, but more
                  | powerful. [potion of mutation]
  1933 | D:1      | Gained mutation: You have a pair of large horns on your
                  | head. [potion of mutation]
  1933 | D:1      | Gained mutation: You possess an exceptional clarity of
                  | mind. [potion of mutation]
  1933 | D:1      | Slain by an orc

Illustrated notes

Levels and vault maps discovered:
D:1:      ncdulo_smallfort, layout_rooms
D:2:      layout_loops_ring, hellmonk_ecumenical_altar_defaced_shrine,
          uniq_natasha, uniq_robin

Skill      XL: |  1  2  3 |
---------------+----------+-----
Unarmed Combat | 4 5 |  5.4
Fighting       | |  1.4
Dodging        | |  1.5
Spellcasting   | |  2.1
Transmutations | |  2.2
Poison Magic   | |  0.5

Action                   |  1- 3 |  4- 6 || total
-------------------------+-------+-------++-------
Melee: Unarmed           |   100 |    30 ||   130
       Tailslap          |    12 |     6 ||    18
       Kick              |     3 |     2 ||     5
       Headbutt          |     2 |     1 ||     3
 Cast: Beastly Appendage |     4 |     3 ||     7
       Wereblood         |     1 |     1 ||     2
 Abil: Rolling Charge    |     3 |     1 ||     4
  Use: Scroll            |     3 |       ||     3
       Potion            |       |     1 ||     1
 Stab: Sleeping          |     1 |     1 ||     2
Armor: Robe              |    46 |     9 ||    55
Dodge: Dodged            |    47 |     7 ||    54
